Cogmind - Beta 16 @@@ ROGUE MODE // 2025.11.28 @ 22:35:06 Player: 0_0 Result: Destroyed by S-27 Virus with Autogun Performance ------------- Evolutions (4) 2000 Regions Visited (5) 1000 Robots Destroyed (14) 70 Value Destroyed (408) 408 Prototype IDs (6) 120 Alien Tech Used (0) 0 Bonus (800) 800 TOTAL SCORE: 4398 Bonus ------- Registered with UFD 300 Met Optimus in HQ 500 Cogmind --------- Core Integrity 0/850 Matter 300/300 Energy 99/100 System Corruption 0% Temperature Cool (0) Movement Core (50) Location -6/Lower Caves Parts ------- > --- POWER (3) -------- (None) > --- PROPULSION (3) --- (None) > --- UTILITY (5) ------ (None) > --- WEAPON (4) ------- (None) > --- INVENTORY (5) ---- Ion Engine Improved Kinecellerator Makeshift Light Armor Plating Advanced Shield Generator DRS Beacon (Ready) Peak State ------------ > --- POWER ------------ Improved Ion Engine Micro Nuclear Core Light Angular Momentum Engine > --- PROPULSION ------- Improved VSS Leg > --- UTILITY ---------- Scrap Suit Small Storage Unit Surveybot 17 Chip Reaction Control System > --- WEAPON ----------- Lightning Gun Small Laser Particle Cannon Assault Rifle > --- INVENTORY -------- Ion Engine Subdweller Optics EM Shield DRS Beacon [Rating: 44] Favorites ----------- Power Improved Ion Engine Engine Improved Ion Engine Power Core Micro Nuclear Core Propulsion Subdweller Monowheel Leg Improved VSS Leg Wheel Subdweller Monowheel Utility Small Storage Unit Device Subdweller Optics Storage Small Storage Unit Processor Surveybot 17 Chip Protection Light Armor Plating Weapon Assault Rifle Energy Gun Small Laser Energy Cannon Particle Cannon Ballistic Gun Assault Rifle Build | -11 -10 -10 -9 -6 -6 ------- Run | Yrd Mat Sub Scr Fac Low Slots Evolved 8 | . . . . 8 . Power 2 | . . . . 2 . Propulsion 1 | . . . . 1 . Utility 3 | . . . . 3 . Weapon 2 | . . . . 2 . Parts Attached 27 | 6 1 5 3 4 8 Power 5 | 1 . 1 1 . 2 Engine 4 | 1 . 1 1 . 1 Core 1 | . . . . . 1 Reactor . | . . . . . . Propulsion 7 | 2 . 2 1 1 1 Treads . | . . . . . . Leg 1 | . . . . 1 . Wheel 6 | 2 . 2 1 . 1 Hover . | . . . . . . Flight . | . . . . . . Utility 10 | 1 1 1 1 3 3 Device 6 | . . . . 3 3 Storage 1 | 1 . . . . . Processor 2 | . . 1 1 . . Hackware . | . . . . . . Protection 1 | . 1 . . . . Artifact . | . . . . . . Weapon 5 | 2 . 1 . . 2 Energy Gun 2 | . . 1 . . 1 Energy Cannon 1 | . . . . . 1 Ballistic Gun 2 | 2 . . . . . Ballistic Cannon . | . . . . . . Launcher . | . . . . . . Special Weapon . | . . . . . . Impact Weapon . | . . . . . . Slashing Weapon . | . . . . . . Piercing Weapon . | . . . . . . Special Melee Weapon . | . . . . . . Unidentified Prototypes . | . . . . . . Parts Lost 20 | . . 5 . . 15 Power 4 | . . 1 . . 3 Propulsion 4 | . . 2 . . 2 Utility 7 | . . 1 . . 6 Weapon 5 | . . 1 . . 4 Highest Loss Streak 11 | . . 3 . . 11 To Critical Strikes . | . . . . . . Average Backups 4 | 1 2 3 5 5 3 Power 1 | 1 1 . 1 2 1 Propulsion . | . . . . . . Utility 1 | . . 1 1 1 1 Weapon 1 | . . . 1 2 . Tool/Special . | . . . . . . Unused Backups 4 | . . . 1 . 3 Power . | . . . . . . Propulsion . | . . . . . . Utility 4 | . . . 1 . 3 Weapon . | . . . . . . Tool/Special . | . . . . . . Average Slot Usage (%) 92 | . 98 96 100 54 63 Engine 13 | . 14 13 14 6 10 Wheel 22 | . 28 25 28 11 . Device 3 | . . . . 9 17 Storage 12 | . 14 14 14 6 5 Processor 10 | . . 7 14 6 1 Energy Gun 11 | . . 2 14 6 5 Ballistic Gun 13 | . 28 24 14 6 4 Peak Build Rating 44 | 6 7 10 18 34 44 Average Rating 17 | 3 6 7 15 25 33 On Entrance 12 | . 6 7 10 18 34 Avg Prop Armor Cover (%) 9 | . . . 9 7 . Naked Turns 45 | . . . . . 45 Heaviest Build 47 | 12 15 15 15 20 47 Greatest Support 40 | 32 32 40 40 15 16 Greatest Overweight (x) 6 | 2 . 4 4 6 5 Average Overweight (x) 2 | . . . 2 5 1 Largest Inventory Capacity 8 | 8 8 8 8 8 8 Average Capacity 7 | 6 8 8 8 8 7 Most Carried 8 | 4 3 5 8 8 7 Average Carried 6 | 1 2 3 7 7 4 Final Capacity 8 | 8 8 8 8 8 5 Final Carried 8 | 1 3 5 8 8 5 Scrap Suit Usage (%) 4 | . . . . 72 18 Class Distribution -------------------- 89% | Mutant 10% | Tank Dominant Class ---------------- Mutant | -10/Materials Mutant | -10/Subcaves Mutant | -9/Scraptown Mutant | -6/Factory Tank | -6/Lower Caves Resources | -11 -10 -10 -9 -6 -6 ----------- Run | Yrd Mat Sub Scr Fac Low Matter Collected 624 | 79 49 218 138 . 140 Remotely . | . . . . . . Salvage Created 447 | . 49 218 . . 180 Parts 32 | . 7 17 . . 8 Haulers Intercepted . | . . . . . . Recyclers Shooed . | . . . . . . Parts Field Recycled . | . . . . . . Retrieved Matter . | . . . . . . Parts Self-Destructed 19 | . . 8 . . 11 Prevented . | . . . . . . Parts Restored . | . . . . . . Kills | -11 -10 -10 -9 -6 -6 ------- Run | Yrd Mat Sub Scr Fac Low Combat Hostiles Destroyed 14 | . 3 8 . . 3 Guns 12 | . 3 8 . . 1 Cannons 1 | . . . . . 1 Classes Destroyed 4 | . 1 1 . . 2 Swarmer 6 | . 3 3 . . . Grunt 2 | . . . . . 2 Brawler 1 | . . . . . 1 Subdweller 5 | . . 5 . . . Best Kill Streak 3 | . 3 3 . . 3 Combat Bots Only 3 | . 3 3 . . 3 Max Kills in Single Turn 2 | . 1 2 . . 1 Gunslinging 1 | . . 1 . . . Exploded . | . . . . . . Melee . | . . . . . . Uniques/NPCs Destroyed . | . . . . . . Combat | -11 -10 -10 -9 -6 -6 -------- Run | Yrd Mat Sub Scr Fac Low Hostile Shots Fired 175 | . 7 43 . 4 121 Missed 46 | . 2 10 . 1 33 Hits 129 | . 5 33 . 3 88 Projectile 129 | . 5 33 . 3 88 Critical Strikes 3 | . 1 1 . 1 . Damage Taken 2367 | . 36 648 . 46 1637 Core 1026 | . . 175 . . 851 Absorbed by Shields 63 | . . . . . 63 Core Remaining (%) 65 | 100 . . 30 . . Volleys Fired 48 | 1 5 28 . . 14 Largest 4 | 2 2 2 . . 4 Hottest 183 | 40 40 60 . . 183 Shots Fired 99 | 2 10 55 . . 32 Gun 88 | 2 10 55 . . 21 Cannon 11 | . . . . . 11 Launcher . | . . . . . . Special . | . . . . . . Kinetic 64 | 2 10 48 . . 4 Thermal 32 | . . 7 . . 25 Explosive . | . . . . . . Electromagnetic 3 | . . . . . 3 Robot Hit Streak 19 | 2 3 18 . . 19 Robot Miss Streak 3 | . 2 3 . . 2 Penetration Max . | . . . . . . Secondary Targets 2 | . . 2 . . . Max Gunslinging Chain 1 | . . 1 . . . Shots Hit Robots 69 | 2 4 38 . . 25 Core Hits 31 | . 3 17 . . 11 Critical Kills 1 | . . . . . 1 Critical Parts Destroyed . | . . . . . . Critical Strikes 2 | . . . . . 2 Meltdown 1 | . . . . . 1 Corrupt 1 | . . . . . 1 Melee Attacks . | . . . . . . Impact . | . . . . . . Slashing . | . . . . . . Piercing . | . . . . . . Sneak Attacks . | . . . . . . Combat Hostiles . | . . . . . . Follow-up Attacks . | . . . . . . Damage Inflicted 916 | 25 49 434 . . 408 Guns 742 | 25 49 434 . . 234 Cannons 172 | . . . . . 172 Explosions . | . . . . . . Melee . | . . . . . . Ramming 2 | . . . . . 2 Kinetic 483 | 25 49 368 . . 41 Thermal 389 | . . 66 . . 323 Explosive . | . . . . . . Electromagnetic 42 | . . . . . 42 Impact . | . . . . . . Slashing . | . . . . . . Piercing . | . . . . . . Highest Corruption . | . . . . . . Average Corruption . | . . . . . . Corruption Purged . | . . . . . . Corruption Blocked . | . . . . . . Overload Shots . | . . . . . . Overflow Damage . | . . . . . . Projectiles . | . . . . . . Explosions . | . . . . . . Melee . | . . . . . . Knockbacks . | . . . . . . Impact . | . . . . . . Kinetic . | . . . . . . Secondary . | . . . . . . Self-Inflicted Damage 1 | . . . . . 1 Shots . | . . . . . . Rammed 2 | . . . . . 2 Targets Rammed 2 | . . . . . 2 Kicked . | . . . . . . Crushed . | . . . . . . Highest Temperature 539 | . . . . . 539 Average Temperature 241 | . . . . . 241 Received Heat Transfer 354 | . . 84 . . 270 Effects 18 | . . . . . 18 Shutdowns 7 | . . . . . 7 Energy Bleed 1 | . . . . . 1 Interference 5 | . . . . . 5 Short Circuit 2 | . . . . . 2 Damage (major) 3 | . . . . . 3 Siege Activations . | . . . . . . Martial Activations . | . . . . . . Shielding Activations . | . . . . . . Robots Disrupted . | . . . . . . Combat Hostiles . | . . . . . . Robots Corrupted . | . . . . . . Combat Hostiles . | . . . . . . Parts Fried . | . . . . . . Impact Corruptions . | . . . . . . Robots Melted 1 | . . . . . 1 Combat Hostiles 1 | . . . . . 1 Parts Melted . | . . . . . . Heat Transferred 771 | . . 150 . . 621 Parts Sabotaged . | . . . . . . Parts Stolen . | . . . . . . Parts Stripped . | . . . . . . Power Chain Reactions . | . . . . . . Alert | -11 -10 -10 -9 -6 -6 ------- Run | Yrd Mat Sub Scr Fac Low Maximum Alert Level . | . . . . . . Low Security (%) 100 | 100 100 . . 100 . Level 1 . | . . . . . . Level 2 . | . . . . . . Level 3 . | . . . . . . Level 4 . | . . . . . . Level 5 . | . . . . . . High Security . | . . . . . . Max Security . | . . . . . . Peak Influence 70 | . 70 . . . . Initial . | . . . . . . Average 10 | . 20 . . . . Influence Increases 270 | . 70 70 . . 130 Destroy 0b10 Robot/C 180 | . 60 60 . . 60 Destroy Leader 30 | . 10 10 . . 10 Lose Combat Pursuer 60 | . . . . . 60 Influence Decreases 239 | . 70 70 . . 99 Time Decay 216 | . 70 70 . . 76 Lost Part 23 | . . . . . 23 Squads Dispatched . | . . . . . . Investigation . | . . . . . . Extermination . | . . . . . . Reinforcement . | . . . . . . Assault . | . . . . . . Garrison . | . . . . . . Intercept . | . . . . . . Searches Triggered . | . . . . . . Construction Impeded . | . . . . . . Haulers Reinforced . | . . . . . . Active Scanning Responses . | . . . . . . Cargo Convoy Interrupts . | . . . . . . Stealth | -11 -10 -10 -9 -6 -6 --------- Run | Yrd Mat Sub Scr Fac Low Distress Signals . | . . . . . . Communications Jammed . | . . . . . . Distress Signals . | . . . . . . Times Spotted 27 | . 3 8 . 2 14 Peak Tracking Total 4 | . 3 3 . 2 4 Tactical Retreats 2 | . . . . . 2 Traps | -11 -10 -10 -9 -6 -6 ------- Run | Yrd Mat Sub Scr Fac Low Traps Triggered . | . . . . . . Indirectly . | . . . . . . Trap Hack Attempts . | . . . . . . Triggered . | . . . . . . Disarmed . | . . . . . . Reprogrammed . | . . . . . . Reused . | . . . . . . Traps Extracted . | . . . . . . Installed 1 | . . . 1 . . Triggered . | . . . . . . Machines | -11 -10 -10 -9 -6 -6 ---------- Run | Yrd Mat Sub Scr Fac Low Machines Disabled . | . . . . . . Max in Single Turn . | . . . . . . Machines Repaired . | . . . . . . Machines Dismantled . | . . . . . . Machines Sabotaged . | . . . . . . Overloaded Fab Kills . | . . . . . . Hacking | -11 -10 -10 -9 -6 -6 --------- Run | Yrd Mat Sub Scr Fac Low Machines Accessed 5 | . . . 4 . 1 Terminals . | . . . . . . Fabricators . | . . . . . . Repair Stations . | . . . . . . Recycling Units . | . . . . . . Scanalyzers . | . . . . . . Garrison Access . | . . . . . . Total Hacks 24 | . . . 23 . 1 Successful 24 | . . . 23 . 1 Failed . | . . . . . . Catastrophic . | . . . . . . Database Lockouts . | . . . . . . Manual 1 | . . . 1 . . Terminals . | . . . . . . Fabricators . | . . . . . . Repair Stations . | . . . . . . Recycling Units . | . . . . . . Scanalyzers . | . . . . . . Garrison Access . | . . . . . . Terminal Hacks 24 | . . . 23 . 1 Record 22 | . . . 22 . . Open Door 1 | . . . . . 1 Proto ID Catalog 1 | . . . 1 . . Fabricator Hacks . | . . . . . . Repair Station Hacks . | . . . . . . Recycling Unit Hacks . | . . . . . . Scanalyzer . | . . . . . . Garrison Access Hacks . | . . . . . . Unauthorized Hacks . | . . . . . . Terminals . | . . . . . . Fabricators . | . . . . . . Repair Stations . | . . . . . . Recycling Units . | . . . . . . Scanalyzers . | . . . . . . Garrison Access . | . . . . . . Data Cores Recovered . | . . . . . . Used . | . . . . . . Hacking Detections . | . . . . . . Full Trace Events . | . . . . . . Feedback Events . | . . . . . . Feedback Blocked . | . . . . . . Robot Schematics Acquired . | . . . . . . Robots Built . | . . . . . . Authchips . | . . . . . . Time . | . . . . . . Total Robot Build Rating . | . . . . . . Part Schematics Acquired . | . . . . . . Parts Built . | . . . . . . Authchips . | . . . . . . Time . | . . . . . . Total Part Build Rating . | . . . . . . Part Studies Acquired . | . . . . . . Parts Repaired . | . . . . . . Time . | . . . . . . Parts Recycled . | . . . . . . Recycled Matter . | . . . . . . Retrieved Matter . | . . . . . . Retrieved Components . | . . . . . . Parts Scanalyzed . | . . . . . . Part Schematics Acquired . | . . . . . . Parts Damaged . | . . . . . . Bothacking | -11 -10 -10 -9 -6 -6 ------------ Run | Yrd Mat Sub Scr Fac Low Used RIF Installer . | . . . . . . Robots Hacked . | . . . . . . Non-combat . | . . . . . . Combat . | . . . . . . Robot Hacks Applied . | . . . . . . Relay Couplers Released . | . . . . . . Fabnet Peak Effective % . | . . . . . . Robots Rewired . | . . . . . . Allies Hacked . | . . . . . . Hacks Repelled . | . . . . . . Allies | -11 -10 -10 -9 -6 -6 -------- Run | Yrd Mat Sub Scr Fac Low Total Allies . | . . . . . . Largest Group . | . . . . . . Highest-Rated Group . | . . . . . . Highest-Rated Ally . | . . . . . . Total Orders . | . . . . . . Ally Attacks . | . . . . . . Total Damage . | . . . . . . Kills . | . . . . . . Allies Corrupted . | . . . . . . Allies Melted . | . . . . . . Intel | -11 -10 -10 -9 -6 -6 ------- Run | Yrd Mat Sub Scr Fac Low Active Infowar (turns) 776 | . . . . . 776 Optics 776 | . . . . . 776 Robot Analysis Total . | . . . . . . Derelict Logs Recovered 4 | . . . 3 . 1 Drone Launches . | . . . . . . Drone Recoveries . | . . . . . . Exploration | -11 -10 -10 -9 -6 -6 ------------- Run | Yrd Mat Sub Scr Fac Low Turns Passed 7256 | 61 248 448 5141 149 1209 Spaces Moved 3633 | 51 119 310 2596 43 514 Core 1892 | 28 . 7 1604 41 212 Treads . | . . . . . . Legs 296 | . . . . 2 294 Wheels 1445 | 23 119 303 992 . 8 Hover . | . . . . . . Flight . | . . . . . . Fastest Speed 50 | 50 100 100 110 180 50 Average Speed 188 | 90 100 104 196 311 218 Slowest Speed 360 | 150 100 250 250 350 360 Overloaded Moves . | . . . . . . Propulsion Burnouts . | . . . . . . Robots Hopped . | . . . . . . Potential Cave-ins . | . . . . . . Cave-ins Triggered . | . . . . . . Exploration Rate (%) 33 | 4 31 18 92 1 57 Regions Visited 5 Branch Regions 3 Pre-discovered Areas 1 | . . . 1 . . Known Exits Taken . | . . . . . . Unknown Exits Taken 5 | 1 1 1 1 1 . Scrap Searched 4 | . . . 3 . 1 Spaces Dug . | . . . . . . Terrain Destroyed . | . . . . . . Melee . | . . . . . . Projectile . | . . . . . . AOE . | . . . . . . Terrain Rammed . | . . . . . . Walls Destroyed . | . . . . . . Machines Disabled . | . . . . . . Actions | -11 -10 -10 -9 -6 -6 --------- Run | Yrd Mat Sub Scr Fac Low Total 3953 | 64 238 379 2639 58 575 Wait 196 | . 111 30 25 3 27 Move 3628 | 50 118 309 2595 42 514 Hop . | . . . . . . Pick Up 34 | 7 3 7 8 4 5 Fast Attach 5 | . . . 1 3 1 Attach 23 | 6 1 5 . 3 8 Detach . | . . . . . . Swap 2 | . . . 2 . . Drop 14 | . . . 7 3 4 Fire 48 | 1 5 28 . . 14 Melee . | . . . . . . Ram 2 | . . . . . 2 Kick . | . . . . . . Crush . | . . . . . . Escape Stasis . | . . . . . . Rewire . | . . . . . . Trap 1 | . . . 1 . . Miscellaneous . | . . . . . . Route ------- -11/Scrapyard -10/Materials -10/Subcaves -9/Scraptown (discovered 2 exits: [*Fac x2]) -6/Factory -6/Lower Caves History --------- Turn | Location | Event 45 | -11/Scrapyard | Discovered new exit (range 16) 62 | -11/Scrapyard | Entered Materials 279 | -10/Materials | Discovered new exit (range 6) 310 | -10/Materials | Build established: Mutant 310 | -10/Materials | Entered Subcaves 311 | -10/Subcaves | Approached by a straggling Scientist 347 | -10/Subcaves | Shifting Twisted Machinery released Sub. Machine Gun 390 | -10/Subcaves | Shifting Twisted Machinery released Multitool 415 | -10/Subcaves | A swath of the cavern ceiling suddenly collapsed 509 | -10/Subcaves | Shifting Twisted Machinery released Mak. Power Source 569 | -10/Subcaves | Shifting Twisted Machinery released Battle Rifle 666 | -10/Subcaves | Core integrity fell below 50% 704 | -10/Subcaves | Lost 3 parts (2n1w) 758 | -10/Subcaves | Entered Scraptown 978 | -9/Scraptown | Visited UFD Registry 978 | -9/Scraptown | Registered with UFD as "Macecase" 993 | -9/Scraptown | Visited SPCMW 1039 | -9/Scraptown | Visited Comm Corps 1112 | -9/Scraptown | Scanned Subdweller tech in exchange for log data 1114 | -9/Scraptown | Learned location of Testing (-3) 1115 | -9/Scraptown | Learned Factory stockpile data 1116 | -9/Scraptown | Learned location of 1 exit from Proximity Caves 1252 | -9/Scraptown | Heard Great Nut preacher, LISTEN AND RECITE! 1322 | -9/Scraptown | Visited TADAMA 1355 | -9/Scraptown | Visited Fellowship of the Rings 1460 | -9/Scraptown | Visited IN-MT5's Study 1720 | -9/Scraptown | Visited LU-1G1's Boring Crew 1741 | -9/Scraptown | Visited Junk Cannon Lab 1778 | -9/Scraptown | Visited Scrapoid Research Area 2055 | -9/Scraptown | Visited Science Testing Area 2095 | -9/Scraptown | Visited Derelict Rescue Squad 2115 | -9/Scraptown | Found DRS Beacon 2189 | -9/Scraptown | Visited Scrap Suit Storage 2354 | -9/Scraptown | Visited Science Guys 2441 | -9/Scraptown | Visited Cartography Club 2529 | -9/Scraptown | Found Surveybot 17 Chip 3622 | -9/Scraptown | Found Scrap Suit 4313 | -9/Scraptown | Visited Symbiants 4673 | -9/Scraptown | Discovered new exit (range 5) 5604 | -9/Scraptown | Warned about trapping Scraptown 5744 | -9/Scraptown | Met Optimus 5744 | -9/Scraptown | Accepted into 0bPrime 5889 | -9/Scraptown | Discovered new exit (range 3) 5899 | -9/Scraptown | Entered Factory 5899 | -6/Factory | Evolved 8 slots: Power x2, Propulsion x1, Utility x3, Weapon x2 5987 | -6/Factory | Discovered new exit (range 13) 6048 | -6/Factory | Entered Lower Caves 6603 | -6/Lower Caves | Build established: Tank 6816 | -6/Lower Caves | Learned Factory emergency access door positions 6834 | -6/Lower Caves | Spotted B-75 Beast 7103 | -6/Lower Caves | Lost 11 parts (3p1n4u3w) 7166 | -6/Lower Caves | Core integrity fell below 50% 7244 | -6/Lower Caves | Core integrity fell below 20% 7257 | -6/Lower Caves | Attracted the attention of an 0b10 checkpoint 7257 | -6/Lower Caves | Destroyed by S-27 Virus with Autogun Last Messages --------------- 07059_ EM Shield destroyed. 07062_ Knocked back. 07069_ Imp. VSS Leg destroyed. 07072_ Imp. Kinecellerator destroyed. 07072_ Sub. Optics destroyed. 07072_ Adv. Shield Generator destroyed. 07075_ Knocked back. 07203_ Sml. Storage Unit destroyed. 07227_ Searching scrap... 07227_ Found Com. Wheel. 07227_ Found Mak. Light Armor Plating. 07227_ Found 64 Matter. 07228_ Acquired Mak. Light Armor Plating. 07229_ Acquired Com. Wheel. 07238_ Com. Wheel destroyed. 07242_ Slammed into S-27 Virus. 07242_ Destabilizing: Core damaged (-25). [Achievement: For Emergencies Only] 07243_ Slammed into S-27 Virus. 07257_ Y-54 Guardian: "INTERCEPTING UNREGISTERED DERELICT." Map ----- +----------------------------------------------------+ | ?????## # ###??? # ########???##% ##???????????? | | ##### ##?? #???## #???????????? | | #??# # #???## ##??????????? | | ##?## #??## # ##?????????? | | #### # ### #??#### # #?????????? | | ???# # #??## # #?????????? | | ????## # # ##???# # # #?????????? | | ????# # # ## ##??# ## ## #?????????? | | ???# # #### ### #?##?????????? | | ???# # # # ## ##?# #????????????? | | ???# # ### ### # #??#% ###??????????? | | ???# # ### ## # # ###?# #??????????? | | ???# ###?# # ### ## #??????????? | | ??? # ????# # ### ### #??????????? | | ??? ?????## # # ## #?# ###????????? | | ??? ?#??????## #### # ### #????????? | | ??? ??????????## # ##??## # ## ##????????? | | ????????????#### ##????# ### #?????????? | | ???????????## #????###s##?# % #?????????? | | ???????????# # #??### s##??## #????????? | | ???????????# # ##?## # ####### = #????????? | | ??????????# ####??# ### ! #????????? | | ??????????## ##?????# #### ##????????? | | ???????????## ##??????# ## #???##?????????? | | ????????????###???????# # ### ##??????????????? | | ??????????????????????# @g #???????????????? | | ??????????????????????# ##???????????????? | | ??????????????????????# ###????????????????? | | ??????????????????????# Y #??????????????????? | | ??????????????????????# s#??????????????????? | | ??????????????????????# #??????????????????? | | ??????????????????????# #??????????????????? | | ??????????????????????#########??????????????????? | | ?????????????????????????????????????????????????? | | ?????????????????????????????????????????????????? | | ?????????????????????????????????????????????????? | | ?????????????????????????????????????????????????? | | ?????????????????????????????????????????????????? | | ?????????????????????????????????????????????????? | | ?????????????????????????????????????????????????? | | ?????????????????????????????????????????????????? | | ?????????????????????????????????????????????????? | | ?????????????????????????????????????????????????? | | | | | | | | | | | | | | | +----------------------------------------------------+ Best States ------------- Heat Dissipation 37 Energy Generation 35 Energy Capacity 365 Matter Stores 300 Matter Capacity 300 Sight Range 21 Terrain Scan Density 1210 Armor Coverage 150 Resistance: EM 25 Evasion (%) 50 Targeting Accuracy 5 Kinecelleration 40 Item Schematics ----------------- None Robot Schematics ------------------ None Fabricated ------------ Nothing Repaired ---------- Nothing Studied --------- None Alien Tech Used ----------------- None Achievements -------------- Civilization 2243 For Emergencies Only I Have A Map? Link The Feds Spot Them First Challenges ------------ None Game ------ Seed FluxWeightBotcube Manual? 0 Play Time 00:41:31 Cumulative 19.4 hours Start 2025.11.28 @ 21:31:01 End 2025.11.28 @ 22:35:06 Sessions 1 Manual Loads 0 Difficulty Rogue Special Mode None Game No. 44 Rogue 44 Adventurer 0 Explorer 0 Win Type - Total 0 Types 0/0/0/0/0/0/0/0/0/0 Lore% 29 Gallery% 18 Achievement% 13 Wizard Run 0 Options --------- Layout 1 ASCII 0 Keyboard 0 Movement Mouse Keybinds 0 Fullscreen 1 Font 32/SmallcapsGlow Map View 77x35 Zoom Use 0% Tactical HUD 1 Map Filters NONE Filters NONE Steam 1 RUN: ebdcaadf-7ae8-4a81-8d4e-b69ec987da9e